 Dungeon Crawl Stone Soup version 0.29-a0-333-gb4c28e87c6 (webtiles) character file.

Game seed: 10387436405301537392

2 Jortsu the Skirmisher (level 1, 18/18 HPs)
             Began as a Demonspawn Fighter on Apr 13, 2022.
             Was a Follower of Vehumet.
             Quit the game on level 1 of the Dungeon.
             The game lasted 00:00:16 (290 turns).

Jortsu the Skirmisher (Demonspawn Fighter)           Turns: 290, Time: 00:00:17

Health: 18/18      AC:  6    Str: 16    XL:     1   Next: 25%
Magic:  1/1        EV:  8    Int:  9    God:    Vehumet [*.....]
Gold:   48         SH:  4    Dex: 12    Spells: 0/0 levels left

rFire   . . .      SeeInvis .   a - +0 war axe
rCold   . . .      Faith    .   c - +0 buckler
rNeg    . . .      Spirit   .   b - +0 scale mail
rPois   .          Reflect  .   (no helmet)
rElec   .          Harm     .   (no cloak)
rCorr   .          Rampage  .   (no gloves)
Will    .....                   (no boots)
Stlth   ..........              (no amulet)
HPRegen 0.06/turn               (no ring)
MPRegen 0.07/turn               (no ring)

@: no status effects
A: no striking features
a: Renounce Religion


You were on level 1 of the Dungeon.
You worshipped Vehumet.
Vehumet was aware of your devotion.
You visited 1 branch of the dungeon, and saw 1 of its levels.

You collected 48 gold pieces.

Inventory:

Hand Weapons
 a - a +0 war axe (weapon)
Armour
 b - a +0 scale mail (worn)
 c - a +0 buckler (worn)
Potions
 d - 2 potions of might
 e - a potion of mutation {unknown}


   Skills:
 + Level 3.1 Fighting
 + Level 1.7 Axes
 + Level 2.6 Armour
 + Level 2.7 Shields


You couldn't memorise any spells.
You didn't know any spells.
Your spell library contained the following spells:

 Spells                   Type           Power      Damage    Failure   Level
 Sandblast                Erth           0%         2d4       89%         1
 Blink                    Tloc           0%         N/A       96%         2
 Manifold Assault         Tloc           0%         N/A       100%        5
 Storm Form               Tmut/Air       0%         N/A       100%        7


Dungeon Overview and Level Annotations

Branches:
Dungeon (1/15)

Altars:
Vehumet


Message History

The frilled lizard is severely wounded.
The frilled lizard bites you. The frilled lizard barely misses you.
You barely miss the frilled lizard.
The frilled lizard is severely wounded.
The frilled lizard bites you.
You miss the frilled lizard.
The frilled lizard is severely wounded.
The frilled lizard bites you but does no damage. x2
You closely miss the frilled lizard.
The frilled lizard is severely wounded.
The frilled lizard bites you.
You slash the frilled lizard!
You kill the frilled lizard!
HP restored.
Found a stone staircase leading down.
You now have 12 gold pieces (gained 10).
You now have 20 gold pieces (gained 8).
You now have 31 gold pieces (gained 11).
You now have 48 gold pieces (gained 17).
A giant cockroach comes into view.
A giant cockroach is nearby!
You hit the giant cockroach.
The giant cockroach is moderately wounded.
The giant cockroach bites you but does no damage.
You block the giant cockroach's attack.
You hit the giant cockroach.
You kill the giant cockroach!
d - 2 potions of might (gained 1)
Found a faded altar of an unknown god.
e - a yellow potion You pick up an Inescapable Atlas and begin reading...
You add the spells Blink, Manifold Assault and Storm Form to your library.
Found a puce potion.
There is a faded altar of an unknown god here.
You cannot tell which god this altar belongs to.
Convert to them anyway?
Vehumet accepts your prayer! Vehumet welcomes you!
You can now gain magical power from killing.
Vehumet offers you knowledge of Sandblast.
Are you sure you want to abandon this character and quit the game? (Confirm with "yes".)

.# .# .### .#####
######...# ## #..
...###!.......# .#
#.####.#.#..8.8...# .#
#...##.....8.8.8..#
.###...##......8@8...#
.#............8.8.8..#
...............8.8..##
.#..................#
.#.....##.#.#########
.##..............#
.###.####.#.####.# ##
#.# #.#.# #.# #....


There were no monsters in sight!

Vanquished Creatures
  A giant cockroach (D:1)
  A frilled lizard (D:1)
2 creatures vanquished.

Notes
Turn   | Place    | Note
-------+----------+-------------------------------------------
     0 | D:1      | Jortsu the Demonspawn Fighter began the quest for the Orb.
     0 | D:1      | Reached XP level 1. HP: 18/18 MP: 1/1
   277 | D:1      | Found a faded altar of an unknown god.
   289 | D:1      | Prayed at the altar of an unknown god.
   289 | D:1      | Became a worshipper of Vehumet
   289 | D:1      | Reached * piety under Vehumet
   289 | D:1      | Offered knowledge of Sandblast by Vehumet.
   290 | D:1      | Quit the game

Illustrated notes

Levels and vault maps discovered:
D:1:      minmay_arrival_shattered_statue, layout_loops_corners,
          chequers_ecumenical_altar_simple_redux

Action                   || total
-------------------------++-------
Melee: War axe           ||     9
Armor: Scale mail        ||     6
Dodge: Dodged            ||     1
Block: Buckler           ||     1

Table legend: (Time is in decaauts)
 A = Elapsed time spent in this place.
 B = Non-inter-level travel time spent in this place.
 C = Inter-level travel time spent in this place.
 D = Time resting spent in this place.
 E = Time spent auto-exploring this place.
 F = Levels seen in this place.
 G = Mean time per level.
                   A        B        C        D        E       F      G
               +--------+--------+--------+--------+--------+-----+--------+
         Total |    293 |    293 |      0 |      0 |    256 |   1 |  293.0 |
       Dungeon |    293 |    293 |      0 |      0 |    256 |   1 |  293.0 |
               +--------+--------+--------+--------+--------+-----+--------+

Top non-repeatable levels by time:
     D:1: 293 daAuts
